 Dungeon Crawl Stone Soup version 0.25.0-9-g26727b657a (webtiles) character file.

Game seed: 12661993783972652091

831 Peloso the Slasher (level 7, -16/61 HPs)
             Began as a Minotaur Fighter on June 21, 2020.
             Demolished by an ogre
             ... wielding a +0 giant spiked club
              (22 damage)
             ... on level 5 of the Dungeon.
             The game lasted 00:13:00 (5236 turns).

Peloso the Slasher (Minotaur Fighter)               Turns: 5236, Time: 00:13:00

Health: -16/61     AC: 11    Str: 21    XL:     7   Next: 65%
Magic:  6/6        EV:  6    Int:  5    God:
Gold:   180        SH: 10    Dex: 11    Spells: 6/6 levels left

rFire    . . .     SeeInvis .   a - +0 long sword
rCold    . . .     Gourm    .   c - +0 kite shield
rNeg     . . .     Faith    .   q - +0 chain mail
rPois    .         Spirit   .   (helmet restricted)
rElec    .         Reflect  .   (no cloak)
rCorr    .         Harm     .   t - +0 pair of gloves (curse)
MR       .....                  (no boots)
Stlth    ..........             (no amulet)
HPRegen  0.20/turn              l - ring of wizardry
MPRegen  0.10/turn              (no ring)

@: mighty
A: retaliatory headbutt, horns 2
a: no special abilities


You were on level 5 of the Dungeon.
You were not hungry.

You visited 1 branch of the dungeon, and saw 5 of its levels.

You collected 180 gold pieces.

Inventory:

Hand Weapons
 a - a +0 long sword (weapon)
Armour
 b - a +0 scale mail
 c - a +0 kite shield (worn)
 q - a +0 chain mail (worn)
 t - a cursed +0 pair of gloves (worn)
Jewellery
 l - a ring of wizardry (left hand)
Scrolls
 i - 3 scrolls of identify {unknown}
 k - a scroll of fear {unknown}
 m - 2 scrolls of enchant armour {unknown}
 n - 2 scrolls of teleportation
 o - a scroll of immolation {unknown}
 p - a scroll of magic mapping {unknown}
 r - a scroll of noise {unknown}
Potions
 e - 4 potions of heal wounds
 g - 2 potions of curing
 h - a potion of lignification {unknown}
 j - 2 potions of flight
Comestibles
 f - 10 rations
 s - 3 chunks of flesh


   Skills:
 + Level 5.3 Fighting
 + Level 6.5 Long Blades
 + Level 5.6 Armour
 + Level 1.8 Dodging
 + Level 1.2 Stealth
 + Level 6.2 Shields


You had 6 spell levels left.
You didn't know any spells.
Your spell library was empty.

Dungeon Overview and Level Annotations

Branches:
Dungeon (5/15)
 Temple: D:4-7

Altars:
Fedhas
Qazlal
Ru
Uskayaw
Yredelemnul
The Shining One

Shops:
D:4 }

Annotations:
D:5 Prince Ribbit


Innate Abilities, Weirdness & Mutations

You reflexively headbutt those who attack you in melee.
You have a pair of horns on your head.


Message History

You miss Prince Ribbit.
Prince Ribbit is lightly wounded.
Prince Ribbit hits you.
You closely miss Prince Ribbit. Your headbutt misses Prince Ribbit.
Prince Ribbit is lightly wounded.
Prince Ribbit barely misses you.
The ogre hits you with a +0 giant spiked club!!
* * * LOW HITPOINT WARNING * * *
You block Prince Ribbit's attack.
You miss Prince Ribbit.
Prince Ribbit is lightly wounded.
Prince Ribbit hits you but does no damage.
The ogre hits you with a +0 giant spiked club.
* * * LOW HITPOINT WARNING * * *
Prince Ribbit blinks!
Unknown command.
You slash the ogre! You headbutt the ogre!
The ogre is almost dead.
The ogre hits you with a +0 giant spiked club!!
You die...

..## #...# #
##..F .# ##....##
.# #......# ..#
##......#####....
#####
#........#...#
....#
#.......ยง@O#
....#
#........###
....# #......##
....# ##....##
....########..#
.........##..##
...###......##
...# ###.##.#
..## ##...#.#


You could see Prince Ribbit and an ogre.

Vanquished Creatures
  2 ogres
  A centaur (D:5)
  A scorpion (D:4)
  3 crimson imps
  An orc priest (D:4)
  4 orc wizards
  An iguana (D:5)
  3 worker ants
  4 adders
  A shadow imp (D:4)
  2 oozes (D:1)
  2 adder skeletons (D:4)
  An adder zombie (D:5)
  4 worms
  6 dart slugs
  3 leopard geckos
  8 orcs
  3 ball pythons
  8 bats
  6 giant cockroaches
  9 goblins
  8 hobgoblins
  5 jackals
  3 quokkas (D:2)
  15 frilled lizards
  A goblin skeleton (D:4)
  2 hobgoblin zombies (D:4)
  12 kobolds
  A kobold skeleton (D:4)
  A kobold zombie (D:4)
  2 orc skeletons (D:4)
  An orc zombie (D:4)
  8 rats
132 creatures vanquished.

Notes
Turn   | Place    | Note
-------+----------+-------------------------------------------
     0 | D:1      | Peloso the Minotaur Fighter began the quest for the Orb.
     0 | D:1      | Reached XP level 1. HP: 19/19 MP: 0/0
    89 | D:1      | Reached XP level 2. HP: 27/27 MP: 1/1
   398 | D:1      | Reached XP level 3. HP: 33/33 MP: 2/2
  1161 | D:2      | Reached skill level 1 in Dodging
  1161 | D:2      | Reached XP level 4. HP: 26/40 MP: 3/3
  2123 | D:3      | Reached XP level 5. HP: 46/47 MP: 4/4
  2155 | D:3      | Reached skill level 5 in Shields
  2162 | D:3      | Found a stormy altar of Qazlal.
  2170 | D:3      | Found a blossoming altar of Fedhas.
  3134 | D:4      | Found a hide-covered altar of Uskayaw.
  3142 | D:4      | Found a basalt altar of Yredelemnul.
  3175 | D:4      | Reached skill level 5 in Fighting
  3357 | D:4      | Noticed an ogre
  3364 | D:4      | Killed an ogre
  3364 | D:4      | Reached XP level 6. HP: 31/56 MP: 5/5
  3366 | D:4      | Found a sacrificial altar of Ru.
  3541 | D:4      | Found a glowing golden altar of the Shining One.
  3684 | D:4      | Found Talotall's Gadget Shop.
  3716 | D:4      | Reached skill level 5 in Armour
  4671 | D:5      | Entered Level 5 of the Dungeon
  4733 | D:5      | Reached skill level 5 in Long Blades
  4733 | D:5      | Reached XP level 7. HP: 36/61 MP: 6/6
  5191 | D:5      | Reached skill level 1 in Stealth
  5222 | D:5      | Noticed Prince Ribbit
  5236 | D:5      | Demolished by an ogre

Illustrated notes

Levels and vault maps discovered:
D:1:      minmay_arrival_wavy_path, layout_basic
D:2:      layout_loops_corners, first_ration, chequers_arboretum
D:3:      layout_basic, grunt_temple_overflow_forces_of_nature,
          minmay_pentomino_pile
D:4:      layout_basic, eat_drink_and_be_merry_uskayaw,
          nicolae_tso_besieged_by_evil, grunt_temple_overflow_open,
          serial_shops, shop
D:5:      layout_cave_pods, led_sif_book, uniq_prince_ribbit1

Skill      XL: |  1  2  3  4  5  6  7 |
---------------+----------------------+-----
Shields        | 4 5 6 |  6.2
Fighting       | 4 5 |  5.3
Armour         | 4 5 |  5.6
Long Blades    | 3 4 5 6 |  6.5
Dodging        | 1 |  1.8
Stealth        | 1 |  1.2

Action                   |  1- 3 |  4- 6 |  7- 9 || total
-------------------------+-------+-------+-------++-------
Melee: Long sword        |    85 |   205 |    58 ||   348
       Headbutt          |    15 |    39 |     9 ||    63
  Use: Potion            |       |     6 |     1 ||     7
       Scroll            |       |     2 |       ||     2
  Eat: Chunk             |     1 |    10 |     3 ||    14
Armor: Scale mail        |    49 |    52 |       ||   101
       Chain mail        |       |    36 |    25 ||    61
Dodge: Dodged            |    43 |    51 |    18 ||   112
Block: Kite shield       |    48 |   126 |    28 ||   202
       Rpst.: Long sword |    10 |     8 |     8 ||    26
